AoeStats
← Cryex

Arena

509480659Analyzed
2v2 RM · 6d ago on Sep 26, 2026· 47m 1s· 4 players
Game mode
Random Map
Map size
Medium (4 player)
Population
200
Speed
Normal
Resources
Standard
Victory
Conquest
Starting age
Dark Age
Ending age
Imperial Age
RankedLock teamsTeams togetherTeam positionsShared explorationLock speedFull tech treeHidden civsTurbo modeCheats
Victory
Defeat
🇧🇷 Huns · Brazil
900
+19
🇧🇷 Teutons · Brazil
895
+19
🇺🇸 Saxons · United States
965
-19
🇺🇸 Vietnamese · United States
964
-19
CassianPrime
11:21 Feudal Age
12:08 Double-Bit Axe
12:04 Horse Collar
13:22 Wheelbarrow
18:54 Castle Age
16:52 Man-at-Arms
18:58 Stone Mining
19:53 Forging
19:19 Pikeman
21:20 Squires
22:14 Long Swordsman
32:13 Imperial Age
29:43 Elite Skirmisher
30:32 Heavy Plow
31:43 Iron Casting
31:08 Scale Mail Armor
32:21 Hand Cart
33:07 Shield Wall
33:57 Gold Mining
35:44 Crop Rotation
35:46 Conscription
36:19 Halberdier
37:32 Arson
37:14 Elite Varangian Guard
38:05 Imperial Skirmisher
39:54 Gold Shaft Mining
iamthemikey.hardy
10:39 Feudal Age
11:32 Gold Mining
11:29 Double-Bit Axe
12:01 Horse Collar
16:47 Wheelbarrow
20:46 Castle Age
19:00 Fletching
19:10 Loom
21:00 Padded Archer Armor
21:15 Forging
21:04 Stone Mining
22:32 Hand Cart
22:20 Heavy Plow
22:13 Crossbowman
23:44 Bow Saw
25:47 Light Cavalry
28:16 Thumb Ring
28:35 Ballistics
27:56 Treadmill Crane
28:50 Loom
30:23 Stone Shaft Mining
29:41 Light Cavalry
29:50 Elite Skirmisher
33:51 Imperial Age
33:41 Pikeman
36:55 Two-Man Saw
36:21 Imperial Skirmisher
37:01 Bodkin Arrow
37:21 Leather Archer Armor
36:37 Elite Battle Elephant
38:03 Husbandry
38:13 Bloodlines
39:54 Chemistry
39:01 Siege Engineers
38:58 Bracer
39:28 Ring Archer Armor
41:03 Halberdier
DiPunisher
1:06 Loom
10:23 Feudal Age
16:31 Castle Age
16:04 Double-Bit Axe
16:01 Horse Collar
18:59 Wheelbarrow
19:06 Squires
18:53 Gambesons
18:55 Arson
26:33 Imperial Age
23:56 Elite Skirmisher
24:49 Man-at-Arms
26:53 Long Swordsman
27:46 Fletching
28:06 Forging
27:59 Padded Archer Armor
28:07 Stone Mining
28:58 Bodkin Arrow
32:22 Chemistry
31:43 Ballistics
32:48 Bloodlines
32:46 Scale Mail Armor
33:21 Scale Barding Armor
33:49 Cavalier
35:29 Conscription
36:57 Elite Teutonic Knight
41:16 Hand Cart
43:30 Town Watch
47:40 Heavy Plow
Cryex
9:35 Feudal Age
17:29 Castle Age
16:44 Forging
17:25 Scale Barding Armor
18:00 Gold Mining
18:02 Double-Bit Axe
17:59 Horse Collar
18:49 Stone Mining
20:58 Bloodlines
20:52 Husbandry
21:50 Iron Casting
26:33 Loom
27:24 Wheelbarrow
28:43 Heavy Plow
28:56 Bow Saw
32:35 Imperial Age
32:12 Hand Cart
32:48 Chain Barding Armor
32:55 Marauders
32:47 Elite Tarkan
36:28 Blast Furnace
36:13 Plate Barding Armor
37:38 Two-Man Saw
39:24 Pikeman
40:05 Squires
39:51 Arson
Connection lost

Rejoining the realm…

Still unreachable

The connection could not be restored.

Session expired

The server has moved on; the page needs a fresh start.